Cogmind - Beta 16.1 @@@ ROGUE MODE // 2026.02.09 @ 22:37:26 Player: Lazz Result: Destroyed by D-53 Grenadier with Mini Grenade Launcher Performance ------------- Evolutions (0) 0 Regions Visited (3) 600 Robots Destroyed (13) 65 Value Destroyed (164) 164 Prototype IDs (0) 0 Alien Tech Used (0) 0 Bonus (0) 0 TOTAL SCORE: 829 Bonus ------- None Cogmind --------- Core Integrity 0/250 Matter 290/300 Energy 265/265 System Corruption 0% Temperature Cool (0) Movement Rolling (125) Ox3 Location -9/Recycling Parts ------- > --- POWER (1) -------- Reinforced Ion Engine > --- PROPULSION (2) --- Wheel > --- UTILITY (2) ------ Large Storage Unit > --- WEAPON (2) ------- Hammer > --- INVENTORY (15) --- Small Matter Pod (50) Peak State ------------ > --- POWER ------------ Reinforced Ion Engine > --- PROPULSION ------- Compact Wheel Compact Wheel > --- UTILITY ---------- Small Storage Unit Improved Terrain Scanner > --- WEAPON ----------- Small Laser Light Assault Rifle > --- INVENTORY -------- Wheel Wheel Wheel Small Matter Pod EM Pulse Gun Light Assault Rifle [Rating: 10] Favorites ----------- Power Light Ion Engine Engine Light Ion Engine Propulsion Compact Wheel Wheel Compact Wheel Utility Improved Terrain Scanner Device Improved Terrain Scanner Storage Small Storage Unit Protection Light Armor Plating Weapon Light Assault Rifle Energy Gun Small Laser Ballistic Gun Light Assault Rifle Impact Weapon Hammer Build | -11 -10 -10 -9 ------- Run | Yrd Mat Sub Rec Slots Evolved . | . . . . Power . | . . . . Propulsion . | . . . . Utility . | . . . . Weapon . | . . . . Parts Attached 16 | 7 . . 9 Power 2 | 1 . . 1 Engine 2 | 1 . . 1 Core . | . . . . Reactor . | . . . . Propulsion 5 | 2 . . 3 Treads . | . . . . Leg . | . . . . Wheel 5 | 2 . . 3 Hover . | . . . . Flight . | . . . . Utility 4 | 2 . . 2 Device 1 | 1 . . . Storage 2 | 1 . . 1 Processor . | . . . . Hackware . | . . . . Protection 1 | . . . 1 Artifact . | . . . . Weapon 5 | 2 . . 3 Energy Gun 2 | 1 . . 1 Energy Cannon . | . . . . Ballistic Gun 2 | 1 . . 1 Ballistic Cannon . | . . . . Launcher . | . . . . Special Weapon . | . . . . Impact Weapon 1 | . . . 1 Slashing Weapon . | . . . . Piercing Weapon . | . . . . Special Melee Weapon . | . . . . Unidentified Prototypes . | . . . . Parts Lost 10 | . . 1 9 Power 1 | . . 1 . Propulsion 3 | . . . 3 Utility 2 | . . . 2 Weapon 4 | . . . 4 Highest Loss Streak 4 | . . 1 4 To Critical Strikes . | . . . . Average Backups 4 | 2 5 5 5 Power . | . . . . Propulsion 2 | . 3 3 2 Utility 1 | . 1 1 1 Weapon 1 | 1 1 1 1 Tool/Special . | . . . . Unused Backups 1 | . . . 1 Power . | . . . . Propulsion . | . . . . Utility 1 | . . . 1 Weapon . | . . . . Tool/Special . | . . . . Average Slot Usage (%) 93 | . 100 95 90 Engine 11 | . 14 9 10 Wheel 26 | . 28 28 25 Device 12 | . 14 14 11 Storage 14 | . 14 14 14 Energy Gun 8 | . 14 14 5 Ballistic Gun 18 | . 14 14 22 Peak Build Rating 10 | 9 9 9 10 Average Rating 8 | 5 9 8 8 On Entrance 6 | . 9 9 8 Avg Prop Armor Cover (%) . | . . . . Naked Turns . | . . . . Heaviest Build 36 | 11 11 11 36 Greatest Support 32 | 32 32 32 32 Greatest Overweight (x) 3 | . . . 3 Average Overweight (x) . | . . . . Largest Inventory Capacity 15 | 8 8 8 15 Average Capacity 10 | 7 8 8 12 Most Carried 7 | 5 5 6 7 Average Carried 4 | 2 5 5 6 Final Capacity 15 | 8 8 8 15 Final Carried 6 | 5 5 6 1 Class Distribution -------------------- 100% | Mutant Dominant Class ---------------- Mutant | -10/Materials Mutant | -10/Subcaves Mutant | -9/Recycling Resources | -11 -10 -10 -9 ----------- Run | Yrd Mat Sub Rec Matter Collected 410 | 326 . . 84 Remotely . | . . . . Salvage Created 430 | 204 . 32 194 Parts 24 | 14 . 5 5 Haulers Intercepted . | . . . . Recyclers Shooed 1 | 1 . . . Parts Field Recycled . | . . . . Retrieved Matter . | . . . . Parts Self-Destructed 8 | . . 8 . Prevented . | . . . . Parts Restored . | . . . . Kills | -11 -10 -10 -9 ------- Run | Yrd Mat Sub Rec Combat Hostiles Destroyed 5 | . . 2 3 Guns 5 | . . 2 3 Classes Destroyed 6 | 3 . 1 2 Worker 2 | 2 . . . Tunneler 4 | 4 . . . Recycler 2 | 1 . . 1 Swarmer 3 | . . 2 1 Duelist 1 | . . . 1 Sentry 1 | . . . 1 Best Kill Streak 5 | 5 . 2 2 Combat Bots Only 2 | . . 2 2 Max Kills in Single Turn 1 | 1 . 1 1 Gunslinging . | . . . . Exploded . | . . . . Melee . | . . . . Uniques/NPCs Destroyed . | . . . . Combat | -11 -10 -10 -9 -------- Run | Yrd Mat Sub Rec Hostile Shots Fired 96 | . . 62 34 Missed 30 | . . 21 9 Hits 66 | . . 41 25 Melee 5 | . . . 5 Projectile 61 | . . 41 20 AOE 9 | . . . 9 Critical Strikes 1 | . . . 1 Damage Taken 985 | . . 308 677 Core 251 | . . 84 167 Absorbed by Shields . | . . . . Core Remaining (%) 100 | 100 . . . Volleys Fired 39 | 14 . 10 15 Largest 2 | 2 . 2 2 Hottest 60 | 60 . 60 60 Shots Fired 73 | 28 . 20 25 Gun 73 | 28 . 20 25 Cannon . | . . . . Launcher . | . . . . Special . | . . . . Kinetic 44 | 14 . 10 20 Thermal 25 | 14 . 10 1 Explosive . | . . . . Electromagnetic 4 | . . . 4 Robot Hit Streak 9 | 7 . 2 9 Robot Miss Streak 3 | 2 . 3 2 Penetration Max . | . . . . Secondary Targets . | . . . . Shots Hit Robots 43 | 19 . 7 17 Core Hits 22 | 11 . 2 9 Critical Kills 2 | 1 . . 1 Critical Parts Destroyed . | . . . . Critical Strikes 2 | 1 . . 1 Destroy 2 | 1 . . 1 Melee Attacks 2 | . . . 2 Impact 2 | . . . 2 Slashing . | . . . . Piercing . | . . . . Sneak Attacks . | . . . . Combat Hostiles . | . . . . Follow-up Attacks . | . . . . Damage Inflicted 435 | 191 . 67 177 Guns 435 | 191 . 67 177 Cannons . | . . . . Explosions . | . . . . Melee . | . . . . Ramming . | . . . . Kinetic 196 | 50 . 25 121 Thermal 194 | 141 . 42 11 Explosive . | . . . . Electromagnetic 45 | . . . 45 Impact . | . . . . Slashing . | . . . . Piercing . | . . . . Highest Corruption . | . . . . Average Corruption . | . . . . Corruption Purged . | . . . . Corruption Blocked . | . . . . Overload Shots . | . . . . Overflow Damage . | . . . . Projectiles . | . . . . Explosions . | . . . . Melee . | . . . . Knockbacks . | . . . . Impact . | . . . . Kinetic . | . . . . Secondary . | . . . . Self-Inflicted Damage . | . . . . Shots . | . . . . Rammed . | . . . . Targets Rammed . | . . . . Kicked . | . . . . Crushed . | . . . . Highest Temperature 60 | 60 . . 52 Average Temperature 25 | 30 . . 20 Received Heat Transfer 132 | . . 96 36 Siege Activations . | . . . . Martial Activations . | . . . . Shielding Activations . | . . . . Robots Disrupted . | . . . . Combat Hostiles . | . . . . Robots Corrupted . | . . . . Combat Hostiles . | . . . . Parts Fried . | . . . . Impact Corruptions . | . . . . Robots Melted . | . . . . Combat Hostiles . | . . . . Parts Melted . | . . . . Heat Transferred 450 | 325 . 100 25 Parts Sabotaged . | . . . . Parts Stolen . | . . . . Parts Stripped . | . . . . Power Chain Reactions . | . . . . Alert | -11 -10 -10 -9 ------- Run | Yrd Mat Sub Rec Maximum Alert Level . | . . . . Low Security (%) 100 | 100 100 . 100 Level 1 . | . . . . Level 2 . | . . . . Level 3 . | . . . . Level 4 . | . . . . Level 5 . | . . . . High Security . | . . . . Max Security . | . . . . Peak Influence 56 | 15 . . 56 Initial 36 | . . . 36 Average 10 | 2 . . 17 Influence Increases 265 | 35 . 100 130 Destroy 0b10 Robot/C 100 | . . 40 60 Destroy 0b10 Robot/NC 45 | 35 . . 10 Select Force Hacks 30 | . . . 30 Lose Combat Pursuer 90 | . . 60 30 Influence Decreases 265 | 35 . 25 205 Entered New Map 39 | . . . 39 Time Decay 151 | 35 . 20 96 Lost Part 75 | . . 5 70 Squads Dispatched 1 | . 1 . . Investigation . | . . . . Extermination . | . . . . Reinforcement 1 | . 1 . . Assault . | . . . . Garrison . | . . . . Intercept . | . . . . Searches Triggered . | . . . . Construction Impeded . | . . . . Haulers Reinforced . | . . . . Active Scanning Responses . | . . . . Cargo Convoy Interrupts . | . . . . Stealth | -11 -10 -10 -9 --------- Run | Yrd Mat Sub Rec Distress Signals . | . . . . Communications Jammed . | . . . . Distress Signals . | . . . . Times Spotted 14 | . 1 6 7 Peak Tracking Total 5 | . 1 4 5 Tactical Retreats 3 | . . 2 1 Traps | -11 -10 -10 -9 ------- Run | Yrd Mat Sub Rec Traps Triggered . | . . . . Indirectly . | . . . . Trap Hack Attempts . | . . . . Triggered . | . . . . Disarmed . | . . . . Reprogrammed . | . . . . Reused . | . . . . Traps Extracted . | . . . . Installed . | . . . . Triggered . | . . . . Machines | -11 -10 -10 -9 ---------- Run | Yrd Mat Sub Rec Machines Disabled . | . . . . Max in Single Turn . | . . . . Machines Repaired . | . . . . Machines Dismantled . | . . . . Machines Sabotaged . | . . . . Overloaded Fab Kills . | . . . . Hacking | -11 -10 -10 -9 --------- Run | Yrd Mat Sub Rec Machines Accessed 2 | . . . 2 Terminals 1 | . . . 1 Fabricators . | . . . . Repair Stations . | . . . . Recycling Units 1 | . . . 1 Scanalyzers . | . . . . Garrison Access . | . . . . Total Hacks 4 | . . . 4 Successful 2 | . . . 2 Failed 2 | . . . 2 Catastrophic . | . . . . Database Lockouts . | . . . . Manual 4 | . . . 4 Terminals 3 | . . . 3 Fabricators . | . . . . Repair Stations . | . . . . Recycling Units 1 | . . . 1 Scanalyzers . | . . . . Garrison Access . | . . . . Terminal Hacks 1 | . . . 1 Robot Analysis 1 | . . . 1 Fabricator Hacks . | . . . . Repair Station Hacks . | . . . . Recycling Unit Hacks . | . . . . Scanalyzer . | . . . . Garrison Access Hacks . | . . . . Unauthorized Hacks 1 | . . . 1 Terminals . | . . . . Fabricators . | . . . . Repair Stations . | . . . . Recycling Units 1 | . . . 1 Tunnel 1 | . . . 1 Scanalyzers . | . . . . Garrison Access . | . . . . Data Cores Recovered . | . . . . Used . | . . . . Hacking Detections 1 | . . . 1 Full Trace Events . | . . . . Feedback Events . | . . . . Feedback Blocked . | . . . . Robot Schematics Acquired . | . . . . Robots Built . | . . . . Authchips . | . . . . Time . | . . . . Total Robot Build Rating . | . . . . Part Schematics Acquired . | . . . . Parts Built . | . . . . Authchips . | . . . . Time . | . . . . Total Part Build Rating . | . . . . Part Studies Acquired . | . . . . Parts Repaired . | . . . . Time . | . . . . Parts Recycled . | . . . . Recycled Matter . | . . . . Retrieved Matter . | . . . . Retrieved Components . | . . . . Parts Scanalyzed . | . . . . Part Schematics Acquired . | . . . . Parts Damaged . | . . . . Bothacking | -11 -10 -10 -9 ------------ Run | Yrd Mat Sub Rec Used RIF Installer . | . . . . Robots Hacked . | . . . . Non-combat . | . . . . Combat . | . . . . Robot Hacks Applied . | . . . . Relay Couplers Released . | . . . . Fabnet Peak Effective % . | . . . . Robots Rewired . | . . . . Allies Hacked . | . . . . Hacks Repelled . | . . . . Allies | -11 -10 -10 -9 -------- Run | Yrd Mat Sub Rec Total Allies . | . . . . Largest Group . | . . . . Highest-Rated Group . | . . . . Highest-Rated Ally . | . . . . Total Orders . | . . . . Ally Attacks . | . . . . Total Damage . | . . . . Kills . | . . . . Allies Corrupted . | . . . . Allies Melted . | . . . . Intel | -11 -10 -10 -9 ------- Run | Yrd Mat Sub Rec Active Infowar (turns) 469 | 9 93 94 273 Terrain 469 | 9 93 94 273 Robot Analysis Total 1 | . . . 1 Derelict Logs Recovered . | . . . . Drone Launches . | . . . . Drone Recoveries . | . . . . Exploration | -11 -10 -10 -9 ------------- Run | Yrd Mat Sub Rec Turns Passed 648 | 137 93 94 324 Spaces Moved 349 | 77 14 30 228 Core 1 | 1 . . . Treads . | . . . . Legs . | . . . . Wheels 348 | 76 14 30 228 Hover . | . . . . Flight . | . . . . Fastest Speed 50 | 50 100 100 95 Average Speed 105 | 99 100 100 108 Slowest Speed 130 | 100 100 100 130 Overloaded Moves . | . . . . Propulsion Burnouts . | . . . . Robots Hopped . | . . . . Potential Cave-ins . | . . . . Cave-ins Triggered . | . . . . Exploration Rate (%) 14 | 3 6 3 45 Regions Visited 3 Branch Regions 2 Pre-discovered Areas 1 | . . . 1 Known Exits Taken . | . . . . Unknown Exits Taken 3 | 1 1 1 . Scrap Searched . | . . . . Spaces Dug . | . . . . Terrain Destroyed . | . . . . Melee . | . . . . Projectile . | . . . . AOE . | . . . . Terrain Rammed . | . . . . Walls Destroyed . | . . . . Machines Disabled . | . . . . Actions | -11 -10 -10 -9 --------- Run | Yrd Mat Sub Rec Total 559 | 109 93 76 281 Wait 140 | 5 80 36 19 Move 346 | 76 13 29 228 Hop . | . . . . Pick Up 10 | 7 . 1 2 Fast Attach 6 | 5 . . 1 Attach 9 | 2 . . 7 Detach . | . . . . Swap 1 | . . . 1 Drop 1 | . . . 1 Fire 39 | 14 . 10 15 Melee 2 | . . . 2 Ram . | . . . . Kick . | . . . . Crush . | . . . . Escape Stasis . | . . . . Rewire 5 | . . . 5 Trap . | . . . . Miscellaneous . | . . . . Route ------- -11/Scrapyard -10/Materials -10/Subcaves -9/Recycling History --------- Turn | Location | Event 31 | -11/Scrapyard | Discovered new exit (range 12) 138 | -11/Scrapyard | Entered Materials 214 | -10/Materials | Discovered new exit (range 3) 231 | -10/Materials | Entered Subcaves 302 | -10/Subcaves | Build established: Mutant 317 | -10/Subcaves | Discovered new exit (range 8) 325 | -10/Subcaves | Entered Recycling 594 | -9/Recycling | Core integrity fell below 50% 631 | -9/Recycling | Lost 4 parts (2n1u1w) 642 | -9/Recycling | Core integrity fell below 20% 649 | -9/Recycling | Destroyed by D-53 Grenadier with Mini Grenade Launcher Last Messages --------------- 00633_ R-06 Scavenger destroyed. 00633_ A-02 Transporter destroyed. 00634_ G-34 Mercenary suffers critical hit (Destroy). 00634_ G-34 Mercenary destroyed. 00634_ R-06 Scavenger collects Com. Wheel. 00635_ Acquired 1 matter. 00635_ EM Pulse Gun destroyed. 00635_ Lgt. Armor Plating destroyed. 00635_ I-25 Savior destroyed. 00637_ R-06 Scavenger destroyed. 00637_ Wheel destroyed. 00637_ R-06 Scavenger destroyed. 00639_ I-25 Savior destroyed. 00639_ B-36 Bruiser destroyed. 00641_ Lgt. Assault Rifle destroyed. 00641_ G-34 Mercenary destroyed. 00647_ The unstable cave ceiling collapses. 00647_ I-25 Savior destroyed. 00647_ K-01 Serf destroyed. Map ----- +----------------------------------------------------+ | | | | | | | ?????????????????????????????????????????????????? | | ?????????????????????????????????????????????????? | | ?????????????????????????????????????????????????? | | ?????????????????????????????????????????????????? | | ?????????????????????????????????????????????????? | | ?????????????????????????????????????????????????? | | ?????????????????????????????????????????????????? | | ?????????????????????????????????????????????????? | | ?????????????????????????????????????????????????? | | ?????????????????????????????????????????????????? | | ???????????????????????????????#?????????????????? | | ?????????????????????????????????????????????????? | | ????????????????????????##???????????????????????? | | ?????????????????????????????????????????????????? | | ????????????????????????#????????????????????????? | | ??????????????????????????#??????????????????????? | | ???????????????????????############??????????????? | | ????????????????????? ? #??????????????? | | ???????????????????##### #??????????????? | | ???????????????????#gg!! #????#?????????? | | ???????????????????# ##?????????????? | | ???????????????????# ! #?????????????? | | ???????????????????#!lY%d@ #?????????????? | | ???????????????????#!!%= ! #????????#????? | | ???????????????????# ###?????????????? | | ???????????????????# kr = #??????????#????? | | ?????????????????? + b r% % #??????#???????? | | ???????????????? ####### # #????#?????????? | | ??????????????# ???????### ##??????????????? | | ????????????? ?????###### ##??????????????? | | ????????????? ????????# #??????????#???? | | ????????????? ?????????# #??????????????? | | ??????????????? ???????# #??????#???????? | | ???????????????????????# ##??????????????? | | ???????????????????????# ##??????????????? | | ??????????????????????## #??????????????? | | ???????????????????????# ##????????#?????? | | ???????????????????????# #???????????????? | | ??????????????#### #########+#########???????????? | | ????????????? #?#?????????? | | ????????????? #???????????? | | ????????????? ###?????????? | | ??????????#???## # ######## %%#### !#?????????? | | ??????????????????????????#% %#??# !!#?????????? | | ??????????????????????????#####??# !!#???????#?? | | ??????????????????????##???????### ###?????????? | | ???????? ??????????#?????????????# #???#???????? | +----------------------------------------------------+ Best States ------------- Heat Dissipation 25 Energy Generation 12 Energy Capacity 265 Matter Stores 300 Matter Capacity 300 Sight Range 16 Terrain Scan Range 16 Terrain Scan Density 10 Armor Coverage 150 Evasion (%) 41 Item Schematics ----------------- None Robot Schematics ------------------ None Fabricated ------------ Nothing Repaired ---------- Nothing Studied --------- None Alien Tech Used ----------------- None Achievements -------------- None Challenges ------------ None Game ------ Seed FlyingWarlordThrower Manual? 0 Play Time 00:10:48 Cumulative 137.7 hours Start 2026.02.09 @ 22:29:57 End 2026.02.09 @ 22:37:26 Sessions 1 Manual Loads 0 Difficulty Rogue Special Mode None Game No. 201 Rogue 201 Adventurer 0 Explorer 0 Win Type - Total 1 Types 1/0/0/0/0/0/0/0/0/0 Lore% 64 Gallery% 56 Achievement% 42 Wizard Run 0 Options --------- Layout 2 ASCII 0 Keyboard 0 Movement Mouse Keybinds 0 Fullscreen 1 Font 16/SmallcapsGlow Map View 25x24 Zoom Use 95% Tactical HUD 1 Map Filters NONE Filters NONE Steam SD RUN: 10af8fac-a746-4eb2-a3e8-2819b234cc21